 Dungeon Crawl Stone Soup version 0.20.0-4-g10b340a (webtiles) character file.

3071 Inarius the Stinger (level 9, 0/69 HPs)
             Began as a White Draconian Venom Mage on May 27, 2017.
             Was an Initiate of Vehumet.
             Slain by a yak (10 damage)
             ... on level 8 of the Dungeon.
             The game lasted 00:39:51 (10100 turns).

Inarius the Stinger (White Draconian Venom Mage)   Turns: 10100, Time: 00:39:52

Health: 0/69       AC: 10    Str: 11    XL:     9   Next: 58%
Magic:  0/25       EV: 14    Int: 21    God:    Vehumet [......]
Gold:   383        SH:  0    Dex: 11    Spells: 7/19 levels left

rFire    . . .     SeeInvis .   g - +2 dagger (venom)
rCold    + . .     Gourm    .   (no shield)
rNeg     . . .     Faith    .   (armour unavailable)
rPois    +         Spirit   .   (helmet restricted)
rElec    .         Reflect  .   (no cloak)
rCorr    .         Harm     .   o - +1 pair of gloves
MR       .....                  A - +0 pair of boots
Stlth    ++........             (no amulet)
Regen    0.3/turn               y - ring of magical power
MPRegen  0.2/turn               x - ring of poison resistance

@: very slightly contaminated
A: breathe frost, unfitting armour, clever 1, cold resistance 1, low mp 1,
cold-blooded, AC +7
a: Breathe Frost, Renounce Religion


You were on level 8 of the Dungeon.
You worshipped Vehumet.
Vehumet was noncommittal.
You were not hungry.

You visited 2 branches of the dungeon, and saw 9 of its levels.
You also visited: Ossuary.

You collected 383 gold pieces.

Inventory:

Hand Weapons
 g - a +2 dagger of venom (weapon)
Armour
 o - a +1 pair of gloves (worn)
 A - a +0 pair of boots (worn)
Jewellery
 w - an uncursed ring of resist corrosion
 x - a ring of poison resistance (right hand)
 y - a ring of magical power (left hand)
Wands
 q - a wand of flame (16/48)
 C - a wand of confusion (22/48)
Scrolls
 i - 4 scrolls of teleportation
 k - 2 scrolls of enchant armour
 l - 2 scrolls of magic mapping
 r - a scroll of enchant weapon
 u - a scroll of recharging
 v - a scroll of amnesia (quivered)
 z - 2 scrolls of fear
 B - a scroll of brand weapon
Potions
 d - a potion of cancellation
 e - 2 potions of curing
 h - 2 potions of ambrosia
 m - 2 potions of flight
 n - 2 potions of resistance
 s - 2 potions of lignification
Books
 a - a Young Poisoner's Handbook

   Spells                             Type                      Level
   a - Sting                          Conjuration/Poison           1
   b - Poisonous Vapours              Poison/Air                   2
   c - Mephitic Cloud                 Conjuration/Poison/Air       3
   d - Olgreb's Toxic Radiance        Poison                       4
   e - Venom Bolt                     Conjuration/Poison           5
Comestibles
 b - 3 bread rations
 c - 5 fruits
 j - 3 royal jellies
 p - 3 meat rations


   Skills:
 + Level 3.1 Fighting
 - Level 0.2 Short Blades
 + Level 5.1 Dodging
 - Level 1.7 Stealth
 + Level 5.9 Spellcasting
 * Level 5.4 Conjurations
 + Level 3.3 Air Magic
 + Level 6.8 Poison Magic
 + Level 4.7 Evocations


You had 7 spell levels left.
You knew the following spells:

 Your Spells              Type           Power        Failure   Level  Hunger
a - Sting                 Conj/Pois      ####         1%          1    None
b - Poisonous Vapours     Pois/Air       ####..       1%          2    None
c - Olgreb's Toxic Radia  Pois           #####...     6%          4    ####...
d - Venom Bolt            Conj/Pois      ####......   22%         5    #####..


Dungeon Overview and Level Annotations

Branches:
Dungeon (8/15)             Temple (1/1) D:7
   Lair: D:8-11

Altars:
Dithmenos
Elyvilon
Gozag
Kikubaaqudgha
Okawaru
Vehumet
Zin
The Shining One

Shops:
D:8 :(*

Annotations:
D:6 MDvedh's ghost, novice MfIE


Innate Abilities, Weirdness & Mutations

You can breathe waves of freezing cold.
You can buffet flying creatures when you breathe cold.
Your icy white scales are hard. (AC +7)
You cannot fit into any form of body armour.
Your flesh is cold resistant. (rC+)
You are cold-blooded and may be slowed by cold attacks.
Your mind is acute. (Int +2)
Your magical capacity is low. (-10% MP)


Message History

Poisonous vapours surround the yak!
The yak is engulfed in poison gas.
The yak looks as sick as possible!
Casting: Poisonous Vapours
Confirm with . or Enter, or press ? or * to list all spells.
Okay, then.
Casting: Poisonous Vapours
Confirm with . or Enter, or press ? or * to list all spells.
Aiming: Sting
Press: ? - help, Shift-Dir - straight line, f/p - yak
Aim: a yak (heavily wounded, poisoned)
The sting hits the yak.
The yak is heavily wounded.
You hit the yak.
The yak looks as sick as possible!
Your tail-slap misses the yak.
The yak is heavily wounded.
The yak barely misses you.
You hit the yak.
The yak looks as sick as possible!
The yak is severely wounded.
The yak gores you!
You die...

##.......##...#
##..###
##..##..#####.#
##...##
#...##..# ###
#....#
#...##.##
#.....
#.........
#.....
..........
#.....
..........
#....#
..........
##### ##.....
..........
##@(.##
###......
..........
##.Y...#
#........
..........
#..)...#
#........
.........
##......##
##.......
.........
#........#
#.......
........#
##........#
#.......
........#
#?....)...##
#.......
......###
#...<......#
#.......
.....##
#..........#
#.......


You could see a yak.

Vanquished Creatures
  A two-headed ogre (D:8)
  2 hungry ghosts (D:7)
  An orc warrior (D:6)
  Purgy (D:3)
  2 phantoms
  An ice beast (D:7)
  2 ogres
  A black bear (D:8)
  2 centaurs
  A bullfrog (D:4)
  3 scorpions
  A howler monkey (D:4)
  2 crimson imps (D:5)
  A bullfrog zombie (D:6)
  6 hounds
  A bullfrog skeleton (D:4)
  An orc priest (D:7)
  2 gnoll shamans
  2 iguanas
  Ijyb (D:3)
  7 orc wizards
  2 worker ants
  2 hound zombies
  2 hound skeletons
  2 mummies (Ossuary)
  A worker ant zombie (D:7)
  9 gnolls
  An adder (D:5)
  A shadow imp (D:5)
  2 adder zombies
  2 adder skeletons
  A worm (D:2)
  3 dart slugs
  2 leopard geckos
  18 orcs
  A ball python (D:3)
  5 giant cockroaches
  A gnoll zombie (Ossuary)
  6 hobgoblins
  9 jackals (D:3)
  4 quokkas
  5 bats
  6 frilled lizards
  5 goblins
  3 goblin zombies (Ossuary)
  A hobgoblin zombie (Ossuary)
  A jackal skeleton (D:4)
  A jackal zombie (Ossuary)
  7 kobolds
  3 kobold zombies (Ossuary)
  2 leopard gecko skeletons (D:4)
  2 orc zombies (Ossuary)
  9 rats
160 creatures vanquished.

Vanquished Creatures (others)
  A ball python (D:4)
1 creature vanquished.

Grand Total: 161 creatures vanquished

Notes
Turn   | Place    | Note
-------+----------+-------------------------------------------
     0 | D:1      | Inarius the Draconian Venom Mage began the quest for the Orb.
     0 | D:1      | Reached XP level 1. HP: 14/14 MP: 3/3
   546 | D:1      | Reached XP level 2. HP: 20/20 MP: 3/5
   550 | D:1      | Learned a level 2 spell: Poisonous Vapours
  1871 | D:2      | Reached XP level 3. HP: 26/26 MP: 3/6
  2637 | D:3      | Reached skill level 1 in Air Magic
  2751 | D:3      | Noticed Purgy
  2771 | D:4      | Reached skill level 4 in Poison Magic
  2771 | D:4      | Reached XP level 4. HP: 23/33 MP: 1/7
  2873 | D:3      | Killed Purgy
  2873 | D:3      | Reached XP level 5. HP: 16/39 MP: 2/9
  3405 | D:3      | Learned a level 4 spell: Olgreb's Toxic Radiance
  4063 | D:4      | Reached XP level 6. HP: 46/46 MP: 3/10
  4214 | D:4      | Found a white marble altar of Elyvilon.
  4455 | D:4      | Noticed Ijyb
  4457 | D:4      | Reached skill level 5 in Poison Magic
  4611 | D:3      | Killed Ijyb
  4859 | D:4      | Reached skill level 1 in Fighting
  4904 | D:4      | Your scales start taking on an icy white colour.
  4904 | D:4      | Reached XP level 7. HP: 52/52 MP: 2/13
  4904 | D:4      | Gained mutation: Your flesh is cold resistant. (rC+) [White Draconian growth]
  5021 | D:4      | Reached skill level 1 in Evocations
  5871 | D:4      | Learned a level 5 spell: Venom Bolt
  5872 | D:5      | Entered Level 5 of the Dungeon
  6696 | D:5      | Found a shadowy altar of Dithmenos.
  6705 | D:5      | Reached XP level 8. HP: 57/59 MP: 13/15
  6938 | D:6      | Reached skill level 6 in Poison Magic
  7019 | D:6      | Noticed MDvedh's ghost (novice MfIE)
  7130 | D:7      | HP: 3/61 [centaur/arrow (12)]
  7136 | D:7      | Reached skill level 5 in Spellcasting
  7350 | D:7      | Found a sand-covered staircase.
  7354 | Ossuary  | Entered an ossuary
  8301 | D:6      | Found an opulent altar of Gozag.
  9056 | D:6      | Gained mutation: You have large cloven feet. [potion of mutation]
  9056 | D:6      | Gained mutation: You are covered in fur. (AC +1) [potion of mutation]
  9056 | D:6      | Gained mutation: Your tail ends in a poisonous barb. [potion of mutation]
  9056 | D:6      | Gained mutation: Your spells are a little harder to cast, but a little more powerful. [potion of mutation]
  9057 | D:6      | Lost mutation: Your spells are a little harder to cast, but a little more powerful. [potion of mutation]
  9057 | D:6      | Lost mutation: Your tail ends in a poisonous barb. [potion of mutation]
  9057 | D:6      | Lost mutation: You are covered in fur. (AC +1) [potion of mutation]
  9057 | D:6      | Lost mutation: You have large cloven feet. [potion of mutation]
  9057 | D:6      | Gained mutation: Your magical capacity is low. (-10% MP) [potion of mutation]
  9057 | D:6      | Gained mutation: Your mind is acute. (Int +2) [potion of mutation]
  9246 | D:7      | Found a staircase to the Ecumenical Temple.
  9257 | Temple   | Entered the Ecumenical Temple
  9336 | Temple   | Became a worshipper of Vehumet
  9420 | D:7      | Reached XP level 9. HP: 68/68 MP: 15/15
  9784 | D:8      | Found Ikhac's Weapon Emporium.
  9791 | D:8      | Found Keotzy's Book Emporium.
 10045 | D:8      | Found Tutyom's Assorted Antiques.
 10046 | D:8      | Noticed a two-headed ogre
 10053 | D:8      | Noticed an elephant
 10061 | D:8      | HP: 1/68 [two-headed ogre/giant club (11)]
 10072 | D:8      | Killed a two-headed ogre
 10072 | D:8      | Reached skill level 5 in Dodging
 10072 | D:8      | Reached skill level 5 in Conjurations
 10088 | D:8      | HP: 1/69 [centaur/arrow (6)]
 10100 | D:8      | Slain by a yak

Skill      XL: |  1  2  3  4  5  6  7  8  9 |
---------------+----------------------------+-----
Dodging        | 2 3 4 5 |  5.1
Air Magic      | 1 2 3 |  3.3
Poison Magic   | 4 5 6 |  6.8
Conjurations   | 2 3 4 5 |  5.4
Spellcasting   | 3 4 5 |  5.9
Fighting       | 1 2 3 |  3.1
Evocations     | 2 4 |  4.7
Short Blades   | |  0.2
Stealth        | |  1.7

Action                   |  1- 3 |  4- 6 |  7- 9 || total
-------------------------+-------+-------+-------++-------
Melee: Dagger            |    74 |    93 |   326 ||   493
       Tailslap          |     6 |    13 |    38 ||    57
 Cast: Sting             |    62 |    22 |    60 ||   144
       Poisonous Vapours |    14 |    19 |    43 ||    76
       Olgreb's Toxic Ra |       |     4 |     4 ||     8
 Abil: Breathe Frost     |       |       |     5 ||     5
Evoke: Wand              |       |       |    35 ||    35
  Use: Scroll            |     1 |     8 |    17 ||    26
       Potion            |       |     1 |    11 ||    12
 Stab: Sleeping          |       |       |     1 ||     1
  Eat: Chunk             |     7 |     8 |    16 ||    31
       Bread ration      |       |       |     2 ||     2
       Fruit             |       |       |     1 ||     1
Armor: Skin              |    36 |    62 |   192 ||   290
Dodge: Dodged            |    55 |    91 |   304 ||   450
